 Dungeon Crawl Stone Soup version 0.29-a0-414-g5075937ec3 (webtiles) character file.

Game seed: 10237958039634083695

4 Bruhh the Ruffian (level 1, 19/19 HPs)
             Began as an Ogre Transmuter on May 15, 2022.
             Quit the game on level 1 of the Dungeon.
             The game lasted 00:01:07 (492 turns).

Bruhh the Ruffian (Ogre Transmuter)                  Turns: 492, Time: 00:01:08

Health: 19/19      AC:  3    Str: 13    XL:     1   Next: 70%
Magic:  3/3        EV:  9    Int: 14    God:
Gold:   0          SH:  0    Dex:  9    Spells: 3/4 levels left

rFire   . . .      SeeInvis .     - Unarmed
rCold   . . .      Faith    .   (no shield)
rNeg    . . .      Spirit   .   a - +0 robe
rPois   .          Reflect  .   (helmet restricted)
rElec   .          Harm     .   (no cloak)
rCorr   .          Rampage  .   (gloves unavailable)
Will    .....                   (boots unavailable)
Stlth   +.........              (no amulet)
HPRegen 0.06/turn               (no ring)
MPRegen 0.08/turn               (no ring)

@: no status effects
A: large, unfitting armour, tough skin 1
a: no special abilities


You were on level 1 of the Dungeon.
You visited 1 branch of the dungeon, and saw 1 of its levels.

Inventory:

Armour
 a - a +0 robe (worn)
Potions
 b - a potion of lignification


   Skills:
 - Level 1.3 Fighting
 - Level 1.7 Dodging
 + Level 2.8 Unarmed Combat
 - Level 2.4 Spellcasting
 + Level 2.0 Transmutations


You had 3 spell levels left.
You knew the following spells:

 Your Spells              Type           Power      Damage    Failure   Level
a - Beastly Appendage     Tmut           14%        N/A       10%         1

Your spell library contained the following spells:

 Spells                   Type           Power      Damage    Failure   Level
 Wereblood                Tmut           7%         N/A       16%         2
 Spider Form              Tmut/Pois      4%         N/A       41%         3
 Ice Form                 Ice/Tmut       4%         N/A       83%         4


Dungeon Overview and Level Annotations

Branches:
Dungeon (1/15)

Altars:


Innate Abilities, Weirdness & Mutations

You are too large for most types of armour.
You have tough skin. (AC +1)


Message History

A ball python is nearby!
A ball python is nearby!
The ball python hisses angrily.
Found a spear.
You closely miss the ball python. The ball python barely misses you.
The ball python bites you but does no damage.
You grow a pair of large bovine horns.
Your feet morph into talons.
The ball python bites you.
You hit the ball python. You claw the ball python.
You kill the ball python!
You extend your transformation's duration.
No target in view!
You fail to extend your transformation any further.
Your transformation is almost over.
Your horns disappear.
Your talons disappear.
Magic restored.
You see here a +0 spear.
A kobold comes into view. It is wielding a +0 club.
A kobold is nearby!
A kobold is nearby!
A kobold is nearby!
A kobold is nearby!
The helpless kobold fails to defend itself.
You hit the kobold.
You kill the kobold!
Your Transmutations skill increases to level 2!
You miscast Beastly Appendage.
You are very lightly contaminated with residual magic.
Nothing appears to happen.
No target in view!
No target in view!
No target in view!
Your magical contamination has completely faded away.
You see here a +0 club.
A ball python comes into view.
The ball python hisses angrily.
A ball python is nearby!
A ball python is nearby!
A ball python is nearby!
Are you sure you want to abandon this character and quit the game? (Confirm with "yes".)

. ### #. ..#
.# #.# ## S.
#.# #. .###
##.#######.
..#
#......)...
#.#
###.#######.#
#@# #.....#
#.#
#.####.###.#
#.# #......#
#.# #.#
######.###.#
#.# #.....#
#.. #######
###


You could see a ball python.

Vanquished Creatures
  A bat (D:1)
  A goblin (D:1)
  A kobold (D:1)
  A ball python (D:1)
4 creatures vanquished.

Notes
Turn   | Place    | Note
-------+----------+-------------------------------------------
     0 | D:1      | Bruhh the Ogre Transmuter began the quest for the Orb.
     0 | D:1      | Reached XP level 1. HP: 19/19 MP: 3/3
   357 | D:1      | Found a faded altar of an unknown god.
   492 | D:1      | Quit the game

Illustrated notes

Levels and vault maps discovered:
D:1:      nagdon_arrival_zigzag_paths, layout_loops_ring,
          ebering_ecumenical_altar_hall

Skill      XL: |  1 |
---------------+----+-----
Transmutations | 2 |  2.0
Fighting       | |  1.3
Dodging        | |  1.7
Unarmed Combat | |  2.8
Spellcasting   | |  2.4

Action                   || total
-------------------------++-------
Melee: Unarmed           ||     8
       Kick              ||     1
 Cast: Beastly Appendage ||     3
 Stab: Sleeping          ||     1
Armor: Robe              ||     3
Dodge: Dodged            ||     2

Table legend: (Time is in decaauts)
 A = Elapsed time spent in this place.
 B = Non-inter-level travel time spent in this place.
 C = Inter-level travel time spent in this place.
 D = Time resting spent in this place.
 E = Time spent auto-exploring this place.
 F = Levels seen in this place.
 G = Mean time per level.
                   A        B        C        D        E       F      G
               +--------+--------+--------+--------+--------+-----+--------+
         Total |    491 |    491 |      0 |      0 |    467 |   1 |  491.0 |
       Dungeon |    491 |    491 |      0 |      0 |    467 |   1 |  491.0 |
               +--------+--------+--------+--------+--------+-----+--------+

Top non-repeatable levels by time:
     D:1: 491 daAuts
